Unix NetHack Version 3.7.0-61 Work-in-progress - last build Jul 22 2022 01:17:04 (76b68a5543021f85d9193291e0cc6e7301e83a09,branch:master). Game began 2022-07-25 14:47:36, ended 2022-07-25 16:40:46. spontiff, neutral male gnomish Healer -------- ----- |.......##### ----------- |.?$| |......| ##|.........| ###-@+?| ####.......| #|.........| #@## |.?+| -------- # |......| #|.......... f# ----- |...<...### |.......# #.[........| ## |....*.| #####|......|# #|.........| # ---------- |(....*-### #----.---# #-----.----- # ## |........| --.-|--- # #0### ############## # |........| # ######## ### ## ###### # |........| # # ### # ########## # |........-# # # --.--# #--------|- # ---|------# # # |....# #|...[....|## ########### # # |...| #|........|# ####### # ##-....####|.......>|# # -|-|---- ---|- ###..........# # |......| # ## ---------- ##........###################00## -------- Spontiff the Rhizotomist St:9 Dx:9 Co:16 In:10 Wi:13 Ch:18 Neutral S:250 Dlvl:4 $:1525 HP:0(26) Pw:3(3) AC:6 Xp:1/0 T:3432 Burdened Latest messages: Kesh offers 50 gold pieces for your pink spellbook. Sell it? [ynaq] (n) n You have a little trouble lifting G - a pink spellbook. What do you want to call? [ghloqB-EG-JS or ?*] G Call a pink spellbook: pink 1 What do you want to drop? [$ghklnoqsyB-KSW or ?*] I You drop a stained spellbook. Kesh offers 50 gold pieces for your stained spellbook. Sell it? [ynaq] (n) n You have a little trouble lifting I - a stained spellbook. What do you want to call? [ghloqB-EG-JS or ?*] I Call a stained spellbook: stained 1 Pick an object. You see here a scroll called scare monster (for sale, 67 zorkmids). You see here a scroll labeled ZLORFIK (for sale, 133 zorkmids). Pick an object. (For instructions type a '?') Call a scroll labeled VAS CORP BET MANI: VAS 100z Pick an object. (For instructions type a '?') Call a velvet spellbook: velvet 2 Pick an object. The 'F' prefix should be followed by a movement command. (For instructions type a '?') Call a gray spellbook: gray 4 You see here a scroll labeled ZLORFIK (for sale, 133 zorkmids). You see here a spellbook called velvet 2 (for sale, 178 zorkmids). (For instructions type a '?') Call a scroll labeled ZLORFIK: ZLORF 200z You see here a paperback book named Jingo (for sale, 13 zorkmids). "For you, most gracious sir; only 13 zorkmids for this paperback book named Jingo." You have a little trouble lifting L - a paperback book named Jingo (unpaid, 13 zorkmids). What do you want to drop? [$ghklnoqsyB-LSW or ?*] 1 Count: 14 $ You drop 14 gold pieces. You have established 14 zorkmids credit. A paperback book named Jingo for 13 zorkmids. Pay? [yn] (n) y The price is deducted from your credit. A novel named Jingo; you bought it for 13 gold pieces. "Thank you for shopping in Kesh's second-hand bookstore!" You see here a spellbook called velvet 2 (for sale, 178 zorkmids). Pick an object. Pick an object. The door opens. The large cat bites it. The large cat bites the gas spore. The gas spore is killed! The large cat is caught in the gas spore's explosion! You are caught in the gas spore's explosion! It is fatal. Do you want your possessions identified? [ynq] (y) y Do you want to see the dungeon overview? [ynq] (y) y Major events: Turn 1: spontiff the neutral male gnomish Healer entered the dungeon 1144: entered the Gnomish Mines 3432: killed by a gas spore's explosion Inventory: Weapons W - an uncursed +0 arrow k - a blessed +1 elven dagger K - an uncursed +0 elven dagger (weapon in hand) Armor h - an uncursed +0 orcish helm (being worn) g - an uncursed +1 pair of leather gloves (being worn) q - an uncursed +0 cloak of displacement (being worn) Comestibles y - an uncursed apple n - 2 uncursed food rations F - an uncursed food ration Spellbooks L - an uncursed novel named Jingo G - an uncursed spellbook of force bolt I - an uncursed spellbook of light Potions D - an uncursed potion of booze B - an uncursed potion of fruit juice Wands S - an uncursed wand of sleep (0:4) C - an uncursed wand of striking (0:6) Tools s - an uncursed stethoscope o - an uncursed tin whistle Gems/Stones E - an uncursed worthless piece of green glass J - an uncursed worthless piece of orange glass H - a cursed loadstone l - an uncursed luckstone Spontiff the Healer's attributes: Background: You were a Rhizotomist, a level 1 male gnomish Healer. You were neutral, on a mission for Hermes who was opposed by Athena (lawful) and Poseidon (chaotic). You were in the Dungeons of Doom, on level 4. You entered the dungeon 3432 turns ago. You had 0 experience points, 20 were needed to attain level 2. Your score was 250 before end-of-game adjustments. Basics: You had 0 out of 26 hit points. You had all 3 energy points (spell power). Your armor class was 6. Your wallet contained 1525 zorkmids. Autopickup was on for '$!/="?' plus thrown, with exceptions. Final Characteristics: Your strength was 9 (limit:18/50). Your dexterity was 9 (limit:18). Your constitution was 16 (limit:18). Your intelligence was 10 (limit:19). Your wisdom was 13 (limit:18). Your charisma was 18 (limit:18). Final Status: You were not hungry. You were burdened; movement was slightly slowed. You were wielding a dagger. You were unskilled in dagger. Final Attributes: You were fervently aligned. You were poison resistant. You had infravision. You were displaced. You were warded. You were unlucky. You had extra luck. Bad luck did not time out for you. Good luck did not time out for you. You are dead. Miscellaneous: You never encountered a bones level. Total elapsed playing time was 34 minutes and 14 seconds. Vanquished creatures: a shrieker a little dog a werejackal 7 acid blobs a coyote a gas spore 8 hobbits a large kobold 3 giant rats a brown mold 2 yellow molds 3 gnomes 3 gnome zombies 3 geckos 11 jackals 3 foxes a kobold 2 goblins 5 sewer rats 7 grid bugs a bat 3 lichens 2 kobold zombies 6 newts 77 creatures vanquished. No species were genocided or became extinct. Voluntary challenges: You never hit with a wielded weapon. You were a pacifist. You were illiterate. You never engraved Elbereth. You never genocided any monsters. You never polymorphed an object. You never changed form. You used no wishes. Achievements: You entered the Gnomish Mines. You entered a shop. The Dungeons of Doom: levels 1 to 5 Level 1: Level 2: "Stashlet" Level 3: "iron bars" An altar. Stairs down to The Gnomish Mines. Level 4: <- You were here. A scroll shop. Final resting place for you, killed by a gas spore's explosion. Level 5: The Gnomish Mines: levels 4 to 5 Level 4: Level 5: Game over: ---------- / \ / REST \ / IN \ / PEACE \ / \ | spontiff | | 1525 Au | | killed by a gas | | spore's | | explosion | | | | 2022 | *| * * * | * _________)/\\_//(\/(/\)/\//\/|_)_______ Goodbye spontiff the Healer... You died in The Dungeons of Doom on dungeon level 4 with 245 points, and 1525 pieces of gold, after 3432 moves. You were level 1 with a maximum of 26 hit points when you died.